 Dungeon Crawl Stone Soup version 0.23-a0-395-gcf17ac6c65 (webtiles) character file.

7802 Napalmbreeze the Magician (level 11, -7/84 HPs)
             Began as a Gnoll Skald on Nov 1, 2018.
             Was an Elder of Okawaru.
             Mangled by an orc knight
             ... wielding a +0 war axe
              (9 damage)
             ... on level 10 of the Dungeon.
             The game lasted 00:25:29 (12626 turns).

Napalmbreeze the Magician (Gnoll Skald)            Turns: 12626, Time: 00:25:30

Health: -7/84      AC: 16    Str: 16    XL:     11   Next: 20%
Magic:  3/22       EV: 18    Int: 17    God:    Okawaru [****..]
Gold:   516        SH:  0    Dex: 14    Spells: 17/25 levels left

rFire    . . .     SeeInvis .   p - +0 battleaxe
rCold    . . .     Gourm    .   (shield currently unavailable)
rNeg     + + .     Faith    +   y - +3 ring mail
rPois    .         Spirit   .   w - +0 helmet
rElec    .         Reflect  .   q - +0 cloak
rCorr    .         Harm     .   G - +0 pair of gloves
MR       .....                  r - +0 pair of boots (curse)
Stlth    ++++......             b - amulet of faith
HPRegen  0.24/turn              i - ring of positive energy
MPRegen  0.18/turn              A - ring of positive energy

@: heroism
A: distributed training, fangs 1, strong nose
a: Heroism, Renounce Religion


You were on level 10 of the Dungeon.
You worshipped Okawaru.
Okawaru was greatly pleased with you.
You were not hungry.

You visited 2 branches of the dungeon, and saw 11 of its levels.
You also visited: Bailey.

You collected 516 gold pieces.

Inventory:

Hand Weapons
 p - a +0 battleaxe (weapon)
 s - a +4 spear
 H - a +0 blowgun
 M - a +0 broad axe
Missiles
 l - 3 throwing nets (quivered)
 L - 6 poisoned needles
Armour
 q - a +0 cloak (worn)
 r - a cursed +0 pair of boots (worn)
 w - a +0 helmet (worn)
 y - a +3 ring mail (worn)
 G - a +0 pair of gloves (worn)
Jewellery
 b - an amulet of faith (around neck)
 i - a ring of positive energy (left hand)
 A - a ring of positive energy (right hand)
Wands
 a - a wand of acid (6)
 n - a wand of flame (12)
 v - a wand of random effects (28)
 N - a wand of enslavement (6)
 O - a wand of polymorph (15)
 S - a wand of iceblast (5)
Scrolls
 e - 3 scrolls of remove curse
 h - 4 scrolls of enchant armour
 k - 4 scrolls of enchant weapon
 m - a scroll of teleportation
 x - 2 scrolls of blinking {unknown}
 B - 2 scrolls of identify
 C - 2 scrolls of random uselessness {unknown}
 D - a scroll of fear {unknown}
 E - 2 scrolls of fog {unknown}
 I - a scroll of magic mapping {unknown}
 P - 2 scrolls of amnesia {unknown}
Potions
 c - 3 potions of lignification {unknown}
 f - 3 potions of curing
 g - a potion of heal wounds
 j - a potion of brilliance {unknown}
 t - 2 potions of haste {unknown}
 u - a potion of flight
 z - 4 potions of mutation {unknown}
 F - a potion of might {unknown}
 J - a potion of resistance {unknown}
 K - a potion of ambrosia {unknown}
 Q - a potion of agility {unknown}
Comestibles
 d - 17 rations
 o - 13 chunks of flesh


   Skills:
 + Level 7.6(12.6) Fighting
 + Level 6.0(11.0) Short Blades
 + Level 6.0(11.0) Long Blades
 + Level 7.6(12.6) Axes
 + Level 6.0(11.0) Maces & Flails
 + Level 6.0(11.0) Polearms
 + Level 6.0(11.0) Staves
 + Level 6.0(11.0) Slings
 + Level 6.0(11.0) Bows
 + Level 6.0(11.0) Crossbows
 + Level 6.0(11.0) Throwing
 + Level 6.5(11.5) Armour
 + Level 7.6(12.6) Dodging
 + Level 6.0(11.0) Stealth
 + Level 6.0(11.0) Shields
 + Level 6.0(11.0) Unarmed Combat
 + Level 7.9 Spellcasting
 + Level 4.9 Conjurations
 + Level 4.9 Hexes
 + Level 7.4 Charms
 + Level 4.9 Summonings
 + Level 4.9 Necromancy
 + Level 4.9 Translocations
 + Level 4.9 Transmutations
 + Level 4.9 Fire Magic
 + Level 4.9 Ice Magic
 + Level 4.9 Air Magic
 + Level 4.9 Earth Magic
 + Level 4.9 Poison Magic
 + Level 6.5 Invocations
 + Level 6.0 Evocations


You had 17 spell levels left.
You knew the following spells:

 Your Spells              Type           Power        Failure   Level  Hunger
a - Infusion              Chrm           ####         1%          1    None
d - Song of Slaying       Chrm           ####....     1%          2    None
q - Shroud of Golubria    Chrm/Tloc      ####......   1%          2    None
s - Spectral Weapon       Hex/Chrm       ####....     4%          3    #......

Your spell library contained the following spells:

 Spells                   Type           Power        Failure   Level  Hunger
 Corona                   Hex            ###....      2%          1    None
 Regeneration             Chrm/Necr      ####......   4%          3    #......
 Inner Flame              Hex/Fire       ###.....     7%          3    #......
 Tukima's Dance           Hex            ###.....     7%          3    #......
 Fulminant Prism          Conj/Hex       ###.......   22%         4    ###....
 Silence                  Hex/Air        ###.......   52%         5    #####..


Dungeon Overview and Level Annotations

Branches:
Dungeon (10/15)            Temple (1/1) D:6
   Lair: D:8-11         Orc: D:9-12

Altars:
Ashenzari
Cheibriados
Dithmenos
Elyvilon
Fedhas
Gozag
Hepliaklqana
Kikubaaqudgha
Makhleb
Nemelex Xobeh
Okawaru
Qazlal
Ru
Sif Muna
Trog
Uskayaw
Vehumet
Wu Jian
Xom
Yredelemnul
Zin
The Shining One

Shops:
D:4 %   D:10 (


Innate Abilities, Weirdness & Mutations

Your experience applies equally to all skills.
You have very sharp teeth.
Your uncanny sense of smell can sniff out nearby items.


Message History

Your spectral weapon hits the orc knight!
The orc knight hits you with a +0 war axe.
* * * LOW HITPOINT WARNING * * *
The orc knight hits your spectral weapon with a +0 war axe.
Unknown command.
You slash the orc knight!
The orc knight is almost dead.
Your spectral weapon hits the orc knight but does no damage.
The orc knight barely misses you.
The orc knight hits your spectral weapon with a +0 war axe!
Your spectral weapon shares its damage with you!
Your spectral weapon fades away.
You hit the orc knight. Your bite misses the orc knight.
The orc knight is almost dead.
The orc knight hits you but does no damage.
You closely miss the orc knight.
You bite the orc knight, but do no damage.
The orc knight is almost dead.
The orc knight hits you with a +0 war axe!
You die...

### ..# #.# ####### #.#
#.....# #รท####)o!..# #####
#...!'.)@..#
..>>>.#.####.)..!# .##
......#.#..#.....#...##
......#.#..#######....#
.......................#
........................##
.........................##
..........................#
...........................#


You could see an orc knight.

Vanquished Creatures
  The ghost of Azzok the Ruffian, a novice TrTm of Cheibriados (D:5)
  The ghost of nawrastar the Stinger, a novice OpVM of Qazlal (D:6)
  2 kobold demonologists (Bailey)
  Prince Ribbit (D:6)
  2 hippogriffs
  A spriggan (D:9)
  A wyvern (D:8)
  Edmund (D:6)
  A water moccasin (D:10)
  A sky beast (D:7)
  8 orc warriors
  A black bear (D:6)
  2 phantoms
  5 ice beasts
  8 ogres
  A centaur (D:9)
  3 big kobolds
  3 bullfrogs
  3 scorpions
  8 killer bees
  6 howler monkeys
  2 electric eels
  3 crimson imps
  8 orc priests
  A gnoll shaman (D:7)
  5 hounds
  3 jellies
  Crazy Yiuf (D:5)
  A bullfrog skeleton (D:5)
  Natasha (thrice) (D:2)
  4 iguanas
  8 orc wizards
  12 worker ants
  2 hound zombies
  A howler monkey zombie (D:7)
  3 worker ant zombies
  13 gnolls
  14 adders
  An ooze (D:4)
  An adder skeleton (D:4)
  2 worms
  3 dart slugs
  6 leopard geckos
  33 orcs
  7 bats
  6 giant cockroaches
  16 goblins
  7 hobgoblins
  9 jackals
  A ball python (D:3)
  A frilled lizard (D:1)
  26 kobolds
  A quokka zombie (D:9)
  3 rats
267 creatures vanquished.

Vanquished Creatures (others)
  A human (D:5)
  A quokka (D:5)
  9 spectral weapons
11 creatures vanquished.

Grand Total: 278 creatures vanquished

Notes
Turn   | Place    | Note
-------+----------+-------------------------------------------
     0 | D:1      | Napalmbreeze the Gnoll Skald began the quest for the Orb.
     0 | D:1      | Reached XP level 1. HP: 20/20 MP: 6/6
   107 | D:1      | Reached XP level 2. HP: 24/26 MP: 7/7
   521 | D:1      | Reached XP level 3. HP: 22/31 MP: 9/9
   632 | D:1      | Reached skill level 5 in Spellcasting
   636 | D:1      | Learned a level 2 spell: Song of Slaying
   640 | D:1      | Learned a level 3 spell: Spectral Weapon
   869 | D:2      | Reached skill level 1 in Invocations
  1140 | D:1      | Reached skill level 1 in Short Blades
  1140 | D:1      | Reached skill level 1 in Long Blades
  1140 | D:1      | Reached skill level 1 in Maces & Flails
  1140 | D:1      | Reached skill level 1 in Polearms
  1140 | D:1      | Reached skill level 1 in Staves
  1140 | D:1      | Reached skill level 1 in Slings
  1140 | D:1      | Reached skill level 1 in Bows
  1140 | D:1      | Reached skill level 1 in Crossbows
  1140 | D:1      | Reached skill level 1 in Throwing
  1140 | D:1      | Reached skill level 1 in Stealth
  1140 | D:1      | Reached skill level 1 in Shields
  1140 | D:1      | Reached skill level 1 in Unarmed Combat
  1140 | D:1      | Reached skill level 1 in Evocations
  1156 | D:1      | Reached XP level 4. HP: 32/38 MP: 7/11
  1466 | D:2      | Reached skill level 1 in Conjurations
  1466 | D:2      | Reached skill level 1 in Hexes
  1466 | D:2      | Reached skill level 1 in Summonings
  1466 | D:2      | Reached skill level 1 in Necromancy
  1466 | D:2      | Reached skill level 1 in Translocations
  1466 | D:2      | Reached skill level 1 in Transmutations
  1466 | D:2      | Reached skill level 1 in Fire Magic
  1466 | D:2      | Reached skill level 1 in Ice Magic
  1466 | D:2      | Reached skill level 1 in Air Magic
  1466 | D:2      | Reached skill level 1 in Earth Magic
  1466 | D:2      | Reached skill level 1 in Poison Magic
  2399 | D:2      | Reached XP level 5. HP: 43/43 MP: 12/12
  2598 | D:2      | Noticed Natasha
  2606 | D:2      | Killed Natasha
  3218 | D:2      | Noticed Natasha
  3230 | D:2      | Killed Natasha
  3690 | D:2      | Noticed Natasha
  3696 | D:2      | Killed Natasha
  4181 | D:3      | Noticed a phantom
  4210 | D:3      | Killed a phantom
  4210 | D:3      | Reached XP level 6. HP: 17/50 MP: 10/14
  4631 | D:3      | Found a snail-covered altar of Cheibriados.
  5043 | D:4      | Reached skill level 5 in Fighting
  5043 | D:4      | Reached skill level 5 in Axes
  5043 | D:4      | Reached skill level 5 in Dodging
  5239 | D:4      | Reached XP level 7. HP: 43/56 MP: 4/15
  5674 | D:4      | Found an ancient bone altar of Kikubaaqudgha.
  5677 | D:4      | Found an opulent altar of Gozag.
  5680 | D:4      | Found a hazy altar of Hepliaklqana.
  5888 | D:4      | Found Ziad's Food Shop.
  5894 | D:4      | Reached XP level 8. HP: 57/63 MP: 16/16
  6584 | D:5      | Entered Level 5 of the Dungeon
  6743 | D:5      | Found an ancient bone altar of Kikubaaqudgha.
  6982 | D:5      | Found a large runed door.
  6982 | D:5      | Found a large runed door.
  7375 | D:5      | Found a glowing silver altar of Zin.
  7459 | D:5      | Found a white marble altar of Elyvilon.
  7488 | D:5      | Noticed Azzok's ghost (novice TrTm)
  7531 | D:5      | Found a runed door.
  7536 | D:5      | Noticed Crazy Yiuf
  7539 | D:5      | Killed Crazy Yiuf
  7705 | D:5      | Killed Azzok's ghost
  7705 | D:5      | Reached XP level 9. HP: 48/69 MP: 8/18
  7837 | D:6      | Found a runed door.
  7841 | D:6      | Noticed nawrastar's ghost (novice OpVM)
  7868 | D:6      | Killed nawrastar's ghost
  7868 | D:6      | Reached skill level 5 in Armour
  8424 | D:6      | Found a shadowy altar of Dithmenos.
  8424 | D:6      | Found a basalt altar of Yredelemnul.
  8474 | D:6      | Noticed Prince Ribbit
  8545 | D:6      | Noticed Edmund
  8556 | D:6      | Killed Edmund
  8575 | D:6      | Killed Prince Ribbit
  8575 | D:6      | Reached skill level 5 in Invocations
  8666 | D:6      | Found a staircase to the Ecumenical Temple.
  8676 | Temple   | Entered the Ecumenical Temple
  8683 | Temple   | Became a worshipper of Warmaster Okawaru
  9106 | D:7      | Reached XP level 10. HP: 76/77 MP: 16/20
  9143 | D:7      | Reached * piety under Okawaru
  9514 | D:8      | Reached skill level 5 in Short Blades
  9514 | D:8      | Reached skill level 5 in Long Blades
  9514 | D:8      | Reached skill level 5 in Maces & Flails
  9514 | D:8      | Reached skill level 5 in Polearms
  9514 | D:8      | Reached skill level 5 in Staves
  9514 | D:8      | Reached skill level 5 in Slings
  9514 | D:8      | Reached skill level 5 in Bows
  9514 | D:8      | Reached skill level 5 in Crossbows
  9514 | D:8      | Reached skill level 5 in Throwing
  9514 | D:8      | Reached skill level 5 in Stealth
  9514 | D:8      | Reached skill level 5 in Shields
  9514 | D:8      | Reached skill level 5 in Unarmed Combat
  9514 | D:8      | Reached skill level 5 in Evocations
  9772 | D:8      | Found a shimmering altar of Xom.
  9789 | D:8      | Reached ** piety under Okawaru
 10849 | D:9      | Reached *** piety under Okawaru
 11365 | D:9      | Found a stormy altar of Qazlal.
 11584 | D:9      | Identified the Grimoire of Igneous Execration
 11590 | D:9      | Learned a level 2 spell: Shroud of Golubria
 11879 | D:9      | Reached XP level 11. HP: 75/84 MP: 14/22
 11934 | D:10     | Entered Level 10 of the Dungeon
 11992 | D:10     | Found Myerch's Weapon Shop.
 12031 | D:10     | Found a flagged portal.
 12043 | Bailey   | Entered a bailey
 12214 | Bailey   | Received a gift from Okawaru
 12285 | Bailey   | Found an iron altar of Okawaru.
 12295 | Bailey   | Noticed a soul eater
 12567 | Bailey   | Noticed an orc knight
 12581 | Bailey   | Reached **** piety under Okawaru
 12622 | D:10     | HP: 2/84 [orc knight/+0 war axe (3)]
 12626 | D:10     | Mangled by an orc knight

Vault maps used:
D:1:      dpeg_arrival_tiny_a
D:2:      lemuel_upstairs_altar, first_ration, uniq_natasha
D:3:      kennysheep_slug_shrine
D:4:      grunt_temple_overflow_diamond, serial_shops, shop
D:5:      elyvilon_altar_4, zin_treasury, ebering_ghost_disaster_area,
          tgw_kikubaaqudgha, uniq_crazy_yiuf_cottage
D:6:      gammafunk_temple_overflow_elements, minmay_temple_entry_crystal_x,
          ebering_ghost_sewer_d, serial_bayou_lagoon_a, uniq_prince_ribbit1,
          uniq_edmund
D:8:      lemuel_doored_altar
D:9:      nicolae_qazlal_general_emergency, the_bakery
D:10:     david_lair_shrubbed, orc_0_dummy, enter_bailey_7, serial_shops,
          nicolae_shop_waterfront, nicolae_gozag_zags_fifth_avenue
Temple:   nicolae_temple_no_exploring_needed
Bailey:   bailey_axe_of_yendor_kennysheep, bailey

Skill      XL: |  1  2  3  4  5  6  7  8  9 10 11 |
---------------+----------------------------------+-----
Spellcasting   | 5 6 7 |  7.9
Invocations    | 1 2 3 4 5 6 |  6.5
Short Blades   | 1 2 3 4 5 6 |  6.0
Long Blades    | 1 2 3 4 5 6 |  6.0
Maces & Flails | 1 2 3 4 5 6 |  6.0
Polearms       | 1 2 3 4 5 6 |  6.0
Staves         | 1 2 3 4 5 6 |  6.0
Slings         | 1 2 3 4 5 6 |  6.0
Bows           | 1 2 3 4 5 6 |  6.0
Crossbows      | 1 2 3 4 5 6 |  6.0
Throwing       | 1 2 3 4 5 6 |  6.0
Stealth        | 1 2 3 4 5 6 |  6.0
Shields        | 1 2 3 4 5 6 |  6.0
Unarmed Combat | 1 2 3 4 5 6 |  6.0
Evocations     | 1 2 3 4 5 6 |  6.0
Conjurations   | 1 2 3 4 |  4.9
Hexes          | 1 2 3 4 |  4.9
Summonings     | 1 2 3 4 |  4.9
Necromancy     | 1 2 3 4 |  4.9
Translocations | 1 2 3 4 |  4.9
Transmutations | 1 2 3 4 |  4.9
Fire Magic     | 1 2 3 4 |  4.9
Ice Magic      | 1 2 3 4 |  4.9
Air Magic      | 1 2 3 4 |  4.9
Earth Magic    | 1 2 3 4 |  4.9
Poison Magic   | 1 2 3 4 |  4.9
Armour         | 3 4 5 6 |  6.5
Fighting       | 5 6 7 |  7.6
Axes           | 5 6 7 |  7.6
Dodging        | 5 6 7 |  7.6
Charms         | 6 7 |  7.4

Action                   |  1- 3 |  4- 6 |  7- 9 | 10-12 || total
-------------------------+-------+-------+-------+-------++-------
Melee: Hand axe          |    77 |    47 |       |       ||   124
       Bite              |     6 |    11 |    27 |    31 ||    75
       Battleaxe         |       |    90 |   215 |   327 ||   632
 Cast: Spectral Weapon   |     3 |     6 |    19 |    18 ||    46
       Song of Slaying   |     1 |     2 |     5 |    15 ||    23
       Infusion          |     1 |     1 |     7 |    11 ||    20
       Shroud of Golubri |       |       |       |     4 ||     4
Invok: Heroism           |       |       |       |     3 ||     3
  Use: Scroll            |       |     2 |     3 |       ||     5
       Potion            |       |       |     3 |     3 ||     6
 Stab: Sleeping          |     2 |     2 |     5 |     5 ||    14
       Distracted        |       |       |     5 |     1 ||     6
  Eat: Chunk             |       |     8 |    13 |     7 ||    28
       Ration            |       |     2 |       |     2 ||     4
Armor: Leather armour    |    16 |    20 |    29 |       ||    65
       Ring mail         |       |       |    47 |   156 ||   203
Dodge: Dodged            |    69 |    99 |   205 |   344 ||   717

Table legend:
 A = Non-vault XP
 B = Vault XP
 C = Vault XP percentage of total XP
 D = Non-vault monster count
 E = Vault monster count
 F = Vault count percentage of total count
                 A         B        C        D         E       F
            +---------+---------+-------+---------+---------+-------
      Total |    7461 |    3685 |  33.1 |     221 |      46 |  17.2
            +---------+---------+-------+---------+---------+-------
        D:1 |      81 |       0 |   0.0 |      21 |       0 |   0.0
        D:2 |     158 |      36 |  18.6 |      20 |       1 |   4.8
        D:3 |     146 |       4 |   2.7 |      14 |       1 |   6.7
        D:4 |     919 |       0 |   0.0 |      26 |       0 |   0.0
        D:5 |     780 |     741 |  48.7 |      30 |       2 |   6.2
        D:6 |     376 |    1062 |  73.9 |      10 |       6 |  37.5
        D:7 |     994 |       0 |   0.0 |      23 |       0 |   0.0
        D:8 |    1629 |       0 |   0.0 |      31 |       0 |   0.0
        D:9 |    2117 |     220 |   9.4 |      35 |       1 |   2.8
       D:10 |     261 |      43 |  14.1 |      11 |       4 |  26.7
     Bailey |       0 |    1579 | 100.0 |       0 |      31 | 100.0
            +---------+---------+-------+---------+---------+-------
